 Dungeon Crawl Stone Soup version 0.30-a0-586-g23e55c9e0a (webtiles) character file.

Game seed: 15955455216356016219

7560 NinjaNoafa the Summoner (level 10, -1/46 HPs)
             Began as a Felid Summoner on Jan 3, 2023.
             Was an Initiate of Gozag.
             Killed from afar by a bog body (42 damage)
             ... with a bolt of cold
             ... on level 2 of the Lair of Beasts.
             The game lasted 00:48:43 (18557 turns).

NinjaNoafa the Summoner (Felid Summoner)           Turns: 18557, Time: 00:48:44

Health: -1/46      AC:  2    Str:  4    XL:     10   Next: 96%
Magic:  22/24      EV: 23    Int: 21    God:    Gozag
Gold:   642        SH:  0    Dex: 17    Spells: 9/28 levels left
                                        Lives:  0   Deaths: 3

rFire   . . .      SeeInvis +    (weapon unavailable)
rCold   . . .      Faith    .    (shield unavailable)
rNeg    . . .      Spirit   .    (body armour unavailable)
rPois   .          Reflect  .    (helmet unavailable)
rElec   .          Harm     .    (cloak unavailable)
rCorr   .          Rampage  .    (gloves unavailable)
Will    +....                    (boots unavailable)
Stlth   ++                       q - amulet of magic regeneration
HPRegen 0.27/turn                z - ring of flight
MPRegen 0.59/turn                r - ring of wizardry

@: about to teleport, flying, studying Unarmed Combat, quick
A: very small, claws 1, fangs 3, see invisible, speed 1, shaggy fur 2, stealthy
paws, no weapons or thrown items, no armour, multi-lived
a: Renounce Religion, Potion Petition, Call Merchant, Bribe Branch


You were on level 2 of the Lair of Beasts.
You worshipped Gozag.
Gozag was pleased with you.
You visited 3 branches of the dungeon, and saw 16 of its levels.
You also visited: Volcano.

You collected 2822 gold pieces.
You spent 1170 gold pieces at shops.
You paid 1010 gold pieces to Gozag.

Inventory:

Jewellery
 q - an amulet of magic regeneration (around neck)
 r - a ring of wizardry (right paw)
 z - a ring of flight (left paw)
Wands
 u - a wand of roots (19)
 y - a wand of digging (7)
 E - a wand of charming (20)
 F - a wand of flame (6)
 G - a wand of mindburst (11)
 I - a wand of quicksilver (7)
Scrolls
 b - 2 scrolls of teleportation
 c - 5 scrolls of fog
 d - a scroll of noise {unknown}
 f - a scroll of fear
 g - 6 scrolls of magic mapping
 k - 5 scrolls of immolation
 o - a scroll of silence
 s - 3 scrolls of butterflies
 w - 2 scrolls of amnesia
 A - a scroll of blinking
 J - a scroll of poison {unknown}
Potions
 a - a potion of magic
 e - 3 potions of attraction
 h - a potion of berserk rage
 i - a potion of heal wounds
 j - 6 potions of flight
 l - 3 potions of invisibility {unknown}
 m - 6 potions of brilliance
 n - 6 potions of curing
 p - 3 potions of lignification {unknown}
 t - a potion of degeneration
 v - 2 potions of mutation {unknown}
 x - 2 potions of haste
 H - 2 potions of cancellation {unknown}
 K - 3 potions of might {unknown}


   Skills:
 + Level 6.5 Fighting
 + Level 9.1 Dodging
 - Level 2.6 Stealth
 + Level 9.5 Spellcasting
 - Level 7.0 Hexes
 - Level 10.0 Summonings
 + Level 0.0 Translocations
 - Level 0.8 Transmutations
 - Level 7.0 Air Magic
 - Level 7.0 Evocations


You had 9 spell levels left.
You knew the following spells:

 Your Spells              Type           Power      Damage    Failure   Level
a - Summon Lightning Spi  Summ/Air       45%        N/A       1%          4
b - Call Imp              Summ           51%        N/A       1%          2
c - Call Canine Familiar  Summ           51%        N/A       1%          3
d - Summon Guardian Gole  Hex/Summ       45%        N/A       1%          3
f - Tukima's Dance        Hex            39%        N/A       1%          3
g - Cause Fear            Hex            19%        N/A       1%          4

Your spell library contained the following spells:

 Spells                   Type           Power      Damage    Failure   Level
 Beastly Appendage        Tmut           26%        N/A       1%          1
 Summon Small Mammal      Summ           100%       N/A       1%          1
 Necrotise                Necr           40%        1d6       2%          1
 Sandblast                Erth           20%        2d7       2%          1
 Wereblood                Tmut           13%        N/A       2%          2
 Passwall                 Tmut/Erth      9%         N/A       3%          2
 Spider Form              Tmut/Pois      11%        N/A       7%          3
 Gell's Gravitas          Tloc           10%        N/A       9%          3
 Lesser Beckoning         Tloc           20%        N/A       9%          3
 Stone Arrow              Conj/Erth      20%        3d8       9%          3
 Teleport Other           Tloc           10%        N/A       9%          3
 Vampiric Draining        Necr           10%        2d6       9%          3
 Yara's Violent Unravell  Hex/Tmut       13%        3d7       16%         5
 Olgreb's Toxic Radiance  Pois           10%        N/A       26%         4
 Passage of Golubria      Tloc           10%        N/A       26%         4
 Agony                    Necr           10%        N/A       56%         5
 Dragon Form              Tmut           6%         N/A       100%        7
 Ozocubu's Refrigeration  Ice            5%         4d8       100%        7
 Ignition                 Fire           5%         3d4       100%        8
 Dragon's Call            Summ           25%        N/A       100%        9


Dungeon Overview and Level Annotations

Branches:
Dungeon (12/15)            Temple (1/1) D:6            Lair (3/5) D:11
    Orc (0/2) D:9         Volcano (visited)
  Swamp: Lair:2-3    Shoals: Lair:2-3     Snake: Lair:2-3    Spider: Lair:2-3

Altars:
Ashenzari
Cheibriados
Dithmenos
Elyvilon
Fedhas
Gozag
Hepliaklqana
Kikubaaqudgha
Makhleb
Nemelex Xobeh
Okawaru
Qazlal
Ru
Sif Muna
Trog
Uskayaw
Vehumet
Wu Jian
Xom
Yredelemnul
Zin
The Shining One

Shops:
D:2 [   D:5 *   D:6 :   Lair:1 *

Annotations:
Lair:2 1 transporter


Innate Abilities, Weirdness & Mutations

You have sharp claws.
You have razor-sharp teeth.
You have supernaturally acute eyesight. (SInv)
You cover ground quickly. (Speed+)
You are covered in thick fur. (AC +2)
Your paws help you pounce on unaware monsters.
You are incapable of wielding weapons or throwing items.
You cannot wear armour.
You gain extra lives every three experience levels.


Message History

You can access your shopping list by pressing '$'.
Okay, then.
Done exploring.
There is a stone staircase leading down here.
There is a stone staircase leading down here.
There is a stone staircase leading down here.
You fly downwards.
Level annotation: 1 transporter
There is a stone staircase leading up here.
A swamp worm comes into view.
Casting: Call Imp (safe; 1% risk of failure)
Confirm with . or Enter, or press ? or * to list all spells.
An electric hum fills the air.
The swamp worm fires a harpoon shot at you.
The harpoon shot hits you.
You are yanked forward by the harpoon shot.
An electric eel and 2 bog bodies come into view.
The bog body casts a spell at you.
You easily resist.
Okay, then.
Okay, then.
Press: ? - help, v - describe, . - travel
Here: a bog body (water) Some deep water.
As you read the scroll of teleportation, it crumbles to dust.
You feel strangely unstable. The swamp worm barely misses you.
Aiming: Fastroot
Press: ? - help, Shift-Dir - straight line, f - swamp worm
Aim: a swamp worm The roots erupt in riotous growth!
Roots grab the swamp worm.
Roots grab the bog body. x2
The grasping roots constrict the bog body!
The grasping roots constrict the bog body.
The grasping roots constrict the swamp worm.
You hear a bellow!
The bog body casts a spell at you. The bolt of cold hits you!!!
Ouch! That really hurt!
You die...
Your body crumbles into a pile of gold.

#.##............##P...#..§.
##..#..#...............##.§.
#..##............#......##§.
#..P#......♣♣♣♣♣♣♣♣#♣..###..
##.....♣♣♣♣♣♣♣♣♣♣♣ ♣♣♣♣♣.##..
#P...♣♣♣~≈≈≈8♣~≈~♣~~§ ♣♣.P..
##..⌠.....♣.♣.♣....§ ♣....
##..⌠...♣...nwn.♣.♣... ♣....
#####P...♣♣♣≈≈≈≈@○≈≈~S~~~~ ♣♣....
#.##.P.....♣♣♣♣♣♣♣♣♣♣♣♣♣♣♣♣♣.....
#...............♣♣♣♣♣♣♣♣.........
#....##.............#♣...........
##...P#.............#.........YP.
#....##.#.#.#..P.####....(.......
##...########....................
#...........#.........##.....##..
#....<.................#....####.


You could see 2 bog bodies, a swamp worm (rooted) and an electric eel.

Vanquished Creatures
  Urug (Lair:2)
  An acid dragon (D:11)
  3 electric eels
  A ball python (D:4)
  A goblin (D:1)
7 creatures vanquished.

Vanquished Creatures (collateral kills)
  Erica (D:8)
  A boulder beetle (D:11)
  A two-headed ogre (D:6)
  A bog body (Lair:2)
  The ghost of purpskrrrp the Shield-Bearer, a novice FoFi of Ignis (D:6)
  A cyclops (D:11)
  5 cane toads
  A rime drake (Lair:2)
  2 komodo dragons
  The ghost of bande the Covered, a novice GrFi (D:5)
  2 trolls
  A polar bear (Lair:1)
  A nameless horror (D:5)
  A wraith (D:10)
  13 yaks
  A basilisk (Lair:1)
  2 steam dragons
  A swamp worm (Lair:2)
  An orc warrior (D:10)
  2 sky beasts
  2 black bears
  2 ice beasts (D:7)
  2 centaurs
  A phantom (D:6)
  5 kobold brigands
  8 bullfrogs
  3 scorpions
  A gnoll sergeant (D:7)
  4 wights (D:8)
  4 killer bees (D:9)
  7 howler monkeys
  2 jellies
  2 hounds
  2 gnoll boudas
  10 orc priests
  Ijyb (D:5)
  4 iguanas
  11 orc wizards
  Robin (D:3)
  11 gnolls
  4 adders
  3 white imps
  An ufetubus (D:5)
  3 worms
  3 dart slugs
  42 orcs
  7 ball pythons
  4 endoplasms
  4 giant cockroaches
  16 goblins
  9 hobgoblins
  11 jackals (D:1)
  26 kobolds
  6 quokkas
  5 bats
  2 frilled lizards
  A rat (D:2)
270 creatures vanquished.

Vanquished Creatures (others)
  Maurice (D:8)
  3 dancing weapons
  2 komodo dragons
  Prince Ribbit (D:8)
  A yak (D:11)
  Menkaure (D:6)
  4 water moccasins
  An orc warrior (D:8)
  2 black bears
  A centaur (D:6)
  An ogre (D:6)
  A bullfrog (D:11)
  A scorpion (D:5)
  10 killer bees
  A howler monkey (D:9)
  Crazy Yiuf (D:3)
  A gnoll (D:8)
  45 fungi
  47 plants
125 creatures vanquished.

Grand Total: 402 creatures vanquished

Notes
Turn   | Place    | Note
-------+----------+-------------------------------------------
     0 | D:1      | NinjaNoafa the Felid Summoner began the quest for the Orb.
     0 | D:1      | Reached XP level 1. HP: 7/7 MP: 4/4
   339 | D:1      | Reached XP level 2. HP: 11/11 MP: 1/6
   443 | D:1      | Learned a level 2 spell: Call Imp
   766 | D:1      | Reached XP level 3. HP: 14/14 MP: 2/8
   883 | D:1      | Found a faded altar of an unknown god.
  1628 | D:2      | You fall into a shaft and drop 1 floor!
  1772 | D:3      | Found an ornate altar of the Wu Jian Council.
  2009 | D:2      | Found Tiroant's Armour Shop.
  2017 | D:2      | Learned a level 3 spell: Call Canine Familiar
  2265 | D:3      | Reached XP level 4. HP: 18/18 MP: 6/9
  2403 | D:3      | Noticed Robin
  2422 | D:3      | Reached skill level 5 in Summonings
  2438 | D:3      | Killed Robin
  2803 | D:3      | Found a runed translucent door.
  2804 | D:3      | Noticed Crazy Yiuf
  2852 | D:3      | Learned a level 3 spell: Summon Guardian Golem
  3060 | D:3      | Killed Crazy Yiuf
  3061 | D:3      | Reached skill level 1 in Hexes
  3061 | D:3      | Reached XP level 5. HP: 21/21 MP: 5/11
  3548 | D:4      | Slain by a killer bee
  3549 | D:4      | Reached XP level 4. HP: -1/18 MP: 2/10
  4312 | D:5      | Entered Level 5 of the Dungeon
  4465 | D:5      | Noticed a black bear
  4486 | D:5      | Killed a black bear
  4487 | D:5      | Reached XP level 5. HP: 21/21 MP: 10/12
  4521 | D:5      | Gained mutation: You are covered in thick fur. (AC +2)
                  | [Felid growth]
  4521 | D:5      | Reached XP level 6. HP: 24/24 MP: 11/13
  4568 | D:5      | Reached skill level 6 in Summonings
  4613 | D:5      | Found a blossoming altar of Fedhas.
  4643 | D:5      | Found a runed translucent door.
  4708 | D:5      | Reached skill level 5 in Hexes
  4713 | D:5      | Learned a level 4 spell: Summon Lightning Spire
  4743 | D:5      | Found a runed translucent door.
  4889 | D:5      | Noticed bande's ghost (novice GrFi)
  4912 | D:5      | Found Kaong's General Store.
  4929 | D:5      | Bought a potion of attraction for 42 gold pieces
  4929 | D:5      | Bought a scroll of butterflies for 56 gold pieces
  4929 | D:5      | Bought a potion of degeneration for 14 gold pieces
  4929 | D:5      | Bought a potion of brilliance for 56 gold pieces
  4929 | D:5      | Bought a scroll of teleportation for 42 gold pieces
  5046 | D:5      | Noticed Ijyb
  5056 | D:5      | Noticed a steam dragon
  5060 | D:5      | Noticed a nameless horror
  5163 | D:4      | Reached XP level 7. HP: 19/27 MP: 8/14
  5174 | D:4      | Reached skill level 1 in Air Magic
  5601 | D:6      | Found Fiokhlesm's Self-Improvement Boutique.
  5644 | D:6      | Reached skill level 7 in Summonings
  5674 | D:6      | Found a staircase to the Ecumenical Temple.
  5698 | Temple   | Entered the Ecumenical Temple
  5909 | Temple   | Became a worshipper of Elyvilon the Healer
  5971 | D:6      | Found a runed translucent gate.
  5971 | D:6      | Found a runed translucent gate.
  5971 | D:6      | Found a runed translucent gate.
  6107 | D:6      | Reached XP level 8. HP: 31/31 MP: 15/15
  6159 | D:6      | Noticed purpskrrrp's ghost (novice FoFi)
  6160 | D:6      | Noticed a two-headed ogre
  6230 | D:6      | Fell from the grace of Elyvilon
  6284 | D:6      | Noticed Menkaure
  6289 | D:6      | Killed Menkaure
  6333 | D:6      | Reached skill level 8 in Summonings
  7158 | D:8      | Found a sacrificial altar of Ru.
  7210 | D:8      | Found a glowing golden altar of the Shining One.
  7236 | D:8      | Reached skill level 1 in Evocations
  7338 | D:8      | Noticed Prince Ribbit
  7347 | D:8      | Killed Prince Ribbit
  7348 | D:8      | Reached skill level 5 in Spellcasting
  7574 | D:8      | Reached skill level 5 in Air Magic
  7857 | D:8      | Noticed Maurice
  7879 | D:8      | Killed Maurice
  7880 | D:8      | Reached XP level 9. HP: 34/34 MP: 16/18
  7955 | D:8      | Noticed Erica
  8008 | D:8      | Found a basalt altar of Yredelemnul.
  8008 | D:8      | Found a bloodstained altar of Trog.
  8488 | D:5      | Killed Ijyb
  8654 | D:5      | Reached skill level 9 in Summonings
  8976 | D:5      | Killed a nameless horror
  9049 | D:5      | Killed bande's ghost
 10099 | D:8      | Reached skill level 5 in Evocations
 10483 | D:8      | Killed Erica
 10484 | D:8      | Reached XP level 10. HP: 38/38 MP: 18/20
 10593 | D:8      | Found a stormy altar of Qazlal.
 10595 | D:8      | Found a broken altar of Ashenzari.
 10718 | D:8      | Found a radiant altar of Vehumet.
 10836 | D:8      | Found a faded altar of an unknown god.
 10838 | D:8      | Found a faded altar of an unknown god.
 10839 | D:8      | Found a snail-covered altar of Cheibriados.
 10849 | D:8      | Reached skill level 1 in Fighting
 12169 | D:9      | Found a staircase to the Orcish Mines.
 12175 | D:9      | Killed from afar by an orc priest
 12176 | D:9      | Reached XP level 9. HP: -1/36 MP: 20/20
 12442 | D:9      | Learned a level 3 spell: Tukima's Dance
 12450 | D:9      | Reached skill level 10 in Summonings
 12971 | D:10     | Entered Level 10 of the Dungeon
 13019 | D:10     | Found an opulent altar of Gozag.
 13022 | D:10     | Became a worshipper of Gozag Ym Sagoz the Greedy
 13510 | D:10     | Reached skill level 5 in Dodging
 13514 | D:10     | Reached XP level 10. HP: 36/42 MP: 22/22
 14006 | D:11     | Found a gate leading to a gauntlet.
 14187 | D:11     | Noticed a boulder beetle
 14221 | D:11     | Killed a boulder beetle
 14667 | D:11     | Found a staircase to the Lair.
 14848 | D:11     | Reached skill level 5 in Fighting
 15253 | Lair:1   | Entered Level 1 of the Lair of Beasts
 15411 | D:6      | Killed a two-headed ogre
 15412 | D:6      | Reached XP level 11. HP: 48/48 MP: 16/23
 15440 | D:6      | Killed purpskrrrp's ghost
 15497 | D:6      | Learned a level 4 spell: Cause Fear
 16799 | D:6      | Bought a manual of Unarmed Combat for 960 gold pieces
 17054 | Lair:2   | Noticed a bog body
 17066 | Lair:2   | Killed a bog body
 17583 | Lair:2   | Killed from afar by a swamp worm
 17584 | Lair:2   | Reached XP level 10. HP: -11/46 MP: 23/23
 17631 | Lair:2   | Found a dark tunnel.
 17671 | Volcano  | Entered a volcano
 17702 | Volcano  | Noticed a centaur warrior
 17817 | Lair:2   | Found a transporter.
 17891 | Lair:2   | Noticed a catoblepas
 18026 | Lair:2   | Noticed Urug
 18033 | Lair:2   | HP: 1/46 [Urug/javelin (20)]
 18036 | Lair:2   | Killed Urug
 18242 | D:12     | Noticed a two-headed ogre
 18242 | D:12     | Noticed a boulder beetle
 18248 | D:12     | Noticed a cyclops
 18261 | D:11     | Killed a cyclops
 18373 | D:12     | Identified a scroll of acquirement
 18462 | Lair:2   | Acquired 1107 gold pieces
 18553 | Lair:2   | Noticed a bog body
 18553 | Lair:2   | Noticed a bog body
 18557 | Lair:2   | Killed from afar by a bog body

Illustrated notes

Levels and vault maps discovered:
D:1:      wander_arrival_lonely_grave, layout_loops_ring,
          hellmonk_ecumenical_altar_dog_temple
D:2:      layout_basic, serial_shops, nicolae_shop_statue_plus
D:3:      layout_basic, nzn_wu_jian_council_hall, uniq_crazy_yiuf_cottage,
          uniq_robin
D:4:      minmay_spotlight, layout_basic
D:5:      layout_cave_pods, fedhas_altar_1, ebering_ghost_sewer_f, serial_park,
          serial_park_tiny_1, serial_park_paths [serial_park_minivault_5x5_1],
          serial_shops, nicolae_shop_statue_plus, mrwooster_statue_mirror,
          uniq_ijyb
D:6:      layout_loops_corners, minmay_temple_entry_arrows,
          gammafunk_ghost_split, nicolae_shop_self_help, uniq_menkaure
D:7:      layout_basic, serial_bayou, serial_bayou_pond_b, serial_bayou_pond_e,
          serial_bayou_crossing, serial_bayou_shore_a
D:8:      layout_loops_corners, tso_metal_star,
          mainiacjoe_overflow_tiny_flanked, overflow_temple_1_default,
          mainiacjoe_overflow_big_doors, chequers_temple_overflow_minitemple,
          uniq_maurice, uniq_prince_ribbit1, uniq_erica
D:9:      layout_small_grid, david_orc_3, minmay_misc_feat_enclosed,
          grunt_decor_clamped, minmay_crystal_water
D:10:     layout_irregular_city, kennysheep_mini, dk_noncrumbling_3
D:11:     layout_stronghold, due_lair_maze_entry_diamond,
          gauntlet_entry_generic, kennysheep_windowed_goal
D:12:     layout_rooms, uniq_azrael
Temple:   bh_familiar_temple
Lair:1:   layout_gridlike, grunt_megastairs_5
Lair:2:   layout_gridlike, nicolae_swamp_entry_splash_gauntlet,
          gammafunk_ghost_abyssal_escape, nicolae_volcano_entry_lava_flow,
          kennysheep_rathole, serial_bayou_shore_b, uniq_urug
Lair:3:   layout_big_grid, minmay_snake_entry_guardpost_small,
          ebering_ghost_disaster_area, chequers_serial_rivers_room_b,
          kennysheep_catoblepas_arena

Skill      XL: |  1  2  3  4  5  6  7  8  9 10 11 |
---------------+----------------------------------+-----
Spellcasting   | 3 4 5 7 9 8 |  9.5
Summonings     | 5 6 7 8 10 | 10.0
Hexes          | 3 5 6 7 |  7.0
Air Magic      | 3 5 7 |  7.0
Evocations     | 3 5 6 7 |  7.0
Dodging        | 5 8 9 |  9.1
Fighting       | 3 5 6 |  6.5
Stealth        | |  2.6
Transmutations | |  0.8

Action                   |  1- 3 |  4- 6 |  7- 9 | 10-12 || total
-------------------------+-------+-------+-------+-------++-------
Melee: Unarmed           |    10 |    10 |     1 |     3 ||    24
 Cast: Summon Small Mamm |    80 |    48 |    58 |    21 ||   207
       Call Imp          |     8 |    16 |    29 |    29 ||    82
       Call Canine Famil |     1 |    18 |    35 |    32 ||    86
       Summon Guardian G |       |     6 |    30 |    29 ||    65
       Summon Lightning  |       |     1 |    25 |    52 ||    78
       Tukima's Dance    |       |       |     3 |     6 ||     9
       Cause Fear        |       |       |       |     2 ||     2
Invok: Renounce Religion |       |       |     1 |       ||     1
       Call Merchant     |       |       |       |     1 ||     1
Evoke: Wand              |       |       |     4 |     5 ||     9
  Use: Scroll            |       |     2 |     2 |    20 ||    24
       Potion            |       |       |     1 |     2 ||     3
 Stab: Sleeping          |       |     1 |       |     1 ||     2
Armor: Skin              |     2 |     4 |     7 |     4 ||    17
Dodge: Dodged            |    58 |    50 |    50 |    67 ||   225

Table legend: (Time is in decaauts)
 A = Elapsed time spent in this place.
 B = Non-inter-level travel time spent in this place.
 C = Inter-level travel time spent in this place.
 D = Time resting spent in this place.
 E = Time spent auto-exploring this place.
 F = Levels seen in this place.
 G = Mean time per level.
                   A        B        C        D        E       F      G
               +--------+--------+--------+--------+--------+-----+--------+
         Total |  16082 |  14266 |   1816 |      0 |  10589 |  17 |  946.0 |
       Dungeon |  13800 |  12190 |   1610 |      0 |   8967 |  12 | 1150.0 |
        Temple |    186 |    143 |     43 |      0 |    136 |   1 |  186.0 |
          Lair |   2038 |   1876 |    162 |      0 |   1457 |   3 |  679.3 |
       Volcano |     57 |     57 |      0 |      0 |     28 |   1 |   57.0 |
               +--------+--------+--------+--------+--------+-----+--------+

Top non-repeatable levels by time:
     D:8: 2254 daAuts
     D:5: 1533 daAuts
     D:6: 1298 daAuts
     D:7: 1279 daAuts
  Lair:1: 1270 daAuts
     D:4: 1269 daAuts
     D:9: 1252 daAuts
    D:11: 1215 daAuts
     D:1: 1151 daAuts
     D:3: 1029 daAuts
    D:10: 848 daAuts
  Lair:2: 765 daAuts
     D:2: 578 daAuts
  Temple: 186 daAuts
    D:12: 89 daAuts
